 Dungeon Crawl Stone Soup version 0.30.0-2-g1aa4bd4387 (webtiles) character file.

Game seed: 1111234632784924177

165 Cruella the Zephyrmancer (level 5, -4/37 HPs)
             Began as a Gnoll Wanderer on May 7, 2023.
             Was a Believer of Cheibriados.
             Slain by a gnoll bouda
             ... wielding a +0 club
              (9 damage)
             ... on level 4 of the Dungeon.
             The game lasted 00:22:39 (5034 turns).

Cruella the Zephyrmancer (Gnoll Wanderer)           Turns: 5034, Time: 00:22:40

Health: -4/37      AC:  3    Str: 18    XL:     5   Next: 46%
Magic:  18/21      EV: 10    Int: 20    God:    Cheibriados [**....]
Gold:   232        SH:  0    Dex: 15    Spells: 7/14 levels left

rFire   . . .        d - +0 spear
rCold   . . .        (no shield)
rNeg    . . .        y - +0 scale mail
rPois   .            (no helmet)
rElec   .            (no cloak)
rCorr   .            (no gloves)
SInv    .            (no boots)
Will    .....        (no amulet)
Stlth   +            e - ring of magical power
HPRegen 0.26/turn    z - ring of wizardry
MPRegen 0.17/turn

%: wizardry (x1)
@: weakened, very slow
A: fangs 1, strong nose, distributed training, deformed body, screaming 1,
strong 1
a: Renounce Religion, Bend Time


You were on level 4 of the Dungeon.
You worshipped Cheibriados.
Cheibriados was pleased with you.
You visited 1 branch of the dungeon, and saw 4 of its levels.

You collected 232 gold pieces.

Inventory:

Hand Weapons
 a - a +0 dagger
 b - a +0 flail of holy wrath
 d - a +0 spear (weapon)
 i - a +0 sling
 j - a +0 flail
 m - a +0 short sword
 u - a +0 dagger
Missiles
 q - 9 stones
 A - 3 throwing nets
 C - a javelin (quivered)
Armour
 c - a +0 robe
 h - a +0 ring mail of fire resistance
 n - a +0 ring mail
 s - a +0 chain mail
 y - a +0 scale mail (worn)
Jewellery
 e - a ring of magical power (left hand)
 x - a ring of resist corrosion
 z - a ring of wizardry (right hand)
Scrolls
 f - a scroll of identify {unknown}
 g - 2 scrolls of fog {unknown}
 k - a scroll of enchant weapon {unknown}
 l - 2 scrolls of teleportation {unknown}
 o - a scroll of vulnerability {unknown}
 p - a scroll of amnesia {unknown}
 r - a scroll of noise {unknown}
 t - a scroll of torment {unknown}
 v - 2 scrolls of butterflies {unknown}
 w - a scroll of poison {unknown}
Potions
 B - a potion of haste {unknown}


   Skills:
 + Level 1.6 Fighting
 + Level 1.6 Short Blades
 + Level 1.6 Long Blades
 + Level 1.6 Axes
 + Level 1.6 Maces & Flails
 + Level 1.6 Polearms
 + Level 1.6 Staves
 + Level 1.6 Ranged Weapons
 + Level 1.6 Throwing
 + Level 3.0 Armour
 + Level 1.6 Dodging
 + Level 1.6 Stealth
 + Level 1.6 Shields
 + Level 1.6 Unarmed Combat
 + Level 5.2 Spellcasting
 + Level 2.4 Conjurations
 + Level 1.2 Hexes
 + Level 1.2 Summonings
 + Level 1.2 Necromancy
 + Level 1.2 Translocations
 + Level 1.2 Transmutations
 + Level 1.2 Fire Magic
 + Level 1.2 Ice Magic
 + Level 8.8 Air Magic
 + Level 1.2 Earth Magic
 + Level 1.2 Poison Magic
 + Level 1.8 Invocations
 + Level 3.0 Evocations


You had 7 spell levels left.
You knew the following spells:

 Your Spells              Type           Power      Damage    Failure   Level
a - Shock                 Conj/Air       100%       1d9       1%          1
b - Cigotuvi's Dreadful   Necr/Pois/Air  40%        N/A       4%          2
c - Mephitic Cloud        Conj/Pois/Air  22%        N/A       8%          3
d - Kiss of Death         Conj/Necr      48%        2d9       6%          1

Your spell library contained the following spells:

 Spells                   Type           Power      Damage    Failure   Level
 Summon Lightning Spire   Summ/Air       25%        N/A       17%         4
 Dazzling Flash           Conj/Hex       24%        N/A       19%         3
 Volatile Blastmotes      Fire/Tloc      20%        2d11      24%         3
 Iskenderun's Mystic Bla  Conj/Tloc      12%        2d5       52%         4
 Anguish                  Hex/Necr       5%         N/A       58%         4
 Starburst                Conj/Fire      6%         6d4       100%        6
 Enfeeble                 Hex            5%         N/A       100%        7


Dungeon Overview and Level Annotations

Branches:
Dungeon (4/15)
 Temple: D:4-7

Altars:
Cheibriados


Innate Abilities, Weirdness & Mutations

You have very sharp teeth.
Your uncanny sense of smell can sniff out nearby items.
Your experience applies equally to all skills.
Armour fits poorly on your strangely shaped body.
You occasionally shout uncontrollably at your foes.
Your muscles are strong. (Str +4, Int/Dex -1)


Message History

The gnoll bouda gazes fiercely through you!
You feel your attacks grow feeble. The gnoll bouda barely misses you.
You barely miss the gnoll bouda.
The gnoll shouts!
The gnoll bouda gazes fiercely through you!
You feel as though you will be weak longer.
The gnoll bouda hits you with a +0 club.
You hit the gnoll bouda.
The gnoll bouda is lightly wounded.
The gnoll bouda hits you with a +0 club.
You barely miss the gnoll bouda. Your bite misses the gnoll bouda.
The gnoll bouda is lightly wounded.
The gnoll bouda barks out a call to the hunt!
The gnoll picks up the pace!
The gnoll shouts!
You hit the gnoll bouda.
You bite the gnoll bouda, but do no damage.
The gnoll bouda is moderately wounded.
The gnoll bouda hits you with a +0 club.
You hit the gnoll bouda.
The gnoll bouda is moderately wounded.
The gnoll hits you from afar with a +0 spear.
The gnoll bouda barks out a call to the hunt!
The gnoll picks up the pace!
You hit the gnoll bouda.
The gnoll bouda is heavily wounded.
The gnoll hits you from afar with a +0 spear.
The gnoll bouda hits you with a +0 club.
The gnoll hits you from afar with a +0 spear.
Unknown command.
The flow of time bends around you.
Cheibriados rebukes the gnoll bouda.
The gnoll bouda seems to slow down.
The gnoll hits you from afar with a +0 spear.
* * * LOW HITPOINT WARNING * * *
The gnoll hits you from afar with a +0 spear.
* * * LOW HITPOINT WARNING * * *
The gnoll bouda hits you with a +0 club!
You die...

# #.#
#########.########### ##
#.# #.# #... .# #.# #.#
#.## .# #####.### #(##
#.# .# #.......# #(..#
#.# ## #.###.#.# #.....
#.## # #.###.#.##
#g..... ##..#
#####.##.....####ggg....
###....
....)...........@....(..
+......
#####.##.#...####.......
####... #.##.##.##
#...... #..# #.......#
#..... #.## ####.####
#...# ###.# #.# #...
..#.# #.# #..# #.#.# #.#
### #..# #.#.# #.#
...###..#####.#.#


You could see a gnoll bouda (slow) and 3 gnolls.

Vanquished Creatures
  An orc wizard (D:4)
  3 gnolls (D:4)
  4 adders
  2 worms
  4 dart slugs
  6 orcs (D:3)
  A bat (D:3)
  5 endoplasms
  5 giant cockroaches
  6 goblins
  3 hobgoblins
  2 jackals (D:2)
  2 quokkas
  5 ball pythons
  A frilled lizard (D:3)
  2 kobolds
  6 rats
58 creatures vanquished.

Notes
Turn   | Place    | Note
-------+----------+-------------------------------------------
     0 | D:1      | Cruella the Gnoll Wanderer began the quest for the Orb.
     0 | D:1      | Cruella set off with the following items: a +0 dagger, a
                  | scroll of fear, a +0 robe, a wand of flame (4); and the
                  | following spells available to memorise: Shock, Cigotuvi's
                  | Dreadful Rot, Kiss of Death, Mephitic Cloud, Summon
                  | Lightning Spire.
     0 | D:1      | Reached XP level 1. HP: 13/13 MP: 6/6
   336 | D:1      | Reached XP level 2. HP: 15/20 MP: 7/7
   745 | D:2      | Reached skill level 5 in Spellcasting
   745 | D:2      | Reached XP level 3. HP: 22/25 MP: 9/9
  1038 | D:2      | Reached skill level 1 in Invocations
  1376 | D:1      | Reached skill level 1 in Fighting
  1376 | D:1      | Reached skill level 1 in Short Blades
  1376 | D:1      | Reached skill level 1 in Long Blades
  1376 | D:1      | Reached skill level 1 in Axes
  1376 | D:1      | Reached skill level 1 in Maces & Flails
  1376 | D:1      | Reached skill level 1 in Polearms
  1376 | D:1      | Reached skill level 1 in Staves
  1376 | D:1      | Reached skill level 1 in Ranged Weapons
  1376 | D:1      | Reached skill level 1 in Throwing
  1376 | D:1      | Reached skill level 1 in Dodging
  1376 | D:1      | Reached skill level 1 in Stealth
  1376 | D:1      | Reached skill level 1 in Shields
  1376 | D:1      | Reached skill level 1 in Unarmed Combat
  1653 | D:2      | Found a faded altar of an unknown god.
  1660 | D:2      | Prayed at the altar of an unknown god.
  1660 | D:2      | Became a worshipper of Cheibriados the Contemplative
  1660 | D:2      | Reached * piety under Cheibriados
  2399 | D:3      | Reached XP level 4. HP: 31/32 MP: 11/11
  2824 | D:3      | Gained mutation: Your muscles are strong. (Str +4, Int/Dex
                  | -1) [potion of mutation]
  2824 | D:3      | Gained mutation: You occasionally shout uncontrollably at
                  | your foes. [potion of mutation]
  2824 | D:3      | Gained mutation: Armour fits poorly on your strangely
                  | shaped body. [potion of mutation]
  3482 | D:3      | Reached skill level 1 in Hexes
  3482 | D:3      | Reached skill level 1 in Summonings
  3482 | D:3      | Reached skill level 1 in Necromancy
  3482 | D:3      | Reached skill level 1 in Translocations
  3482 | D:3      | Reached skill level 1 in Transmutations
  3482 | D:3      | Reached skill level 1 in Fire Magic
  3482 | D:3      | Reached skill level 1 in Ice Magic
  3482 | D:3      | Reached skill level 1 in Earth Magic
  3482 | D:3      | Reached skill level 1 in Poison Magic
  3873 | D:3      | Reached ** piety under Cheibriados
  4474 | D:4      | Reached XP level 5. HP: 36/37 MP: 12/12
  4522 | D:4      | Learned a level 1 spell: Shock
  4525 | D:4      | Learned a level 2 spell: Cigotuvi's Dreadful Rot
  4529 | D:4      | Learned a level 3 spell: Mephitic Cloud
  4554 | D:4      | Learned a level 1 spell: Kiss of Death
  5034 | D:4      | Slain by a gnoll bouda

Illustrated notes

Levels and vault maps discovered:
D:1:      elethiomel_arrival_infinity_welcomes_careful_drivers, layout_basic,
          chequers_serial_rivers_micro_b, st_stairs_5, chequers_avenue,
          chequers_decorated_corner
D:2:      layout_basic, hellmonk_ecumenical_altar_inner_sanctum
D:3:      layout_loops_cross, chequers_arboretum
D:4:      layout_loops_corners

Skill      XL: |  1  2  3  4  5 |
---------------+----------------+-----
Conjurations   | 2 |  2.4
Spellcasting   | 5 |  5.2
Invocations    | 1 |  1.8
Fighting       | 1 |  1.6
Short Blades   | 1 |  1.6
Long Blades    | 1 |  1.6
Axes           | 1 |  1.6
Maces & Flails | 1 |  1.6
Polearms       | 1 |  1.6
Staves         | 1 |  1.6
Ranged Weapons | 1 |  1.6
Throwing       | 1 |  1.6
Dodging        | 1 |  1.6
Stealth        | 1 |  1.6
Shields        | 1 |  1.6
Unarmed Combat | 1 |  1.6
Hexes          | 1 |  1.2
Summonings     | 1 |  1.2
Necromancy     | 1 |  1.2
Translocations | 1 |  1.2
Transmutations | 1 |  1.2
Fire Magic     | 1 |  1.2
Ice Magic      | 1 |  1.2
Earth Magic    | 1 |  1.2
Poison Magic   | 1 |  1.2
Armour         | 3 |  3.0
Evocations     | 3 |  3.0
Air Magic      | |  8.8

Action                     |  1- 3 |  4- 6 || total
---------------------------+-------+-------++-------
  Melee: Dagger            |    40 |       ||    40
         Bite              |    10 |    26 ||    36
         Short sword       |    84 |   159 ||   243
         Punch             |       |     2 ||     2
         Spear             |       |    35 ||    35
  Throw: Javelin           |    21 |    11 ||    32
         Stone             |     1 |     4 ||     5
 Invoke: Bend Time         |       |     1 ||     1
  Evoke: Wand              |       |    10 ||    10
    Use: Scroll            |     1 |     2 ||     3
         Potion            |       |     7 ||     7
 Armour: Robe              |     8 |       ||     8
         Ring mail         |    31 |       ||    31
         Scale mail        |     2 |    58 ||    60
  Dodge: Dodged            |    58 |    83 ||   141
